 Seeded DCSS version 0.29.0-10-g45618ea6d2 (webtiles) character file.

Game seed: 2571375669933237975 (custom seed)

189494 nickcage the Phalangite (level 18, -7/205 HPs)
             Began as a Merfolk Gladiator on Sept 1, 2022.
             Was a High Priest of Hepliaklqana.
             Mangled by a sun demon (16 damage)
             ... led by a balrug
             ... on level 2 of the Abyss.
             The game lasted 01:25:43 (25913 turns).

nickcage the Phalangite (Merfolk Gladiator)        Turns: 25913, Time: 01:25:43

Health: -7/205     AC: 25    Str: 33    XL:     18   Next: 58%
Magic:  24/24      EV: 11    Int:  3    God:    Hepliaklqana [*****.]
Gold:   2240       SH: 18    Dex: 16    Spells: 16/17 levels left

rFire   x . .      SeeInvis .   a - +4 demon trident (freeze)
rCold   + + .      Faith    .   P - +5 kite shield {AC+3}
rNeg    + . .      Spirit   .   h - +0 ice dragon scales
rPois   .          Reflect  .   S - +1 helmet "Sabehiy" {rCorr Str+6 Int-5}
rElec   .          Harm     .   (no cloak)
rCorr   +          Rampage  .   U - +2 pair of gloves {hurl}
Will    +....                   A - +2 pair of boots
Stlth   ..........              (no amulet)
HPRegen 0.44/turn               B - ring of positive energy
MPRegen 0.19/turn               G - +6 ring of strength

@: berserking (expiring), unable to read, very quick
A: reduced essence, (nimble swimmer 2), mertail, inability to read after injury
1
a: Renounce Religion, Recall Ancestor, Ancestor Identity, Transference, Idealise


You were on level 2 of the Abyss.
You worshipped Hepliaklqana.
Hepliaklqana was extremely pleased with you.
You visited 3 branches of the dungeon, and saw 21 of its levels.
You visited the Abyss 1 time.
You also visited: Bailey and Ice Cave.

You collected 2240 gold pieces.

Inventory:

Hand Weapons
 a - a +4 demon trident of freezing (weapon)
 O - a +4 trident of electrocution
 W - the +5 trident of Spite {chaos, rC+ Dex+2}
   (You found it on level 4 of the Lair of Beasts)

   Each time it hits an enemy it has a different, random effect.
   Dex:       It affects your dexterity (+2).
   rC:        It protects you from cold.
 X - a +4 demon blade of freezing
Missiles
 i - 51 poisoned darts
 p - 6 javelins
 x - a curare-tipped dart (quivered)
Armour
 h - +0 ice dragon scales (worn)
 A - a +2 pair of boots (worn)
 P - a +5 kite shield of protection (worn)
 S - the +1 helmet "Sabehiy" (worn) {rCorr Str+6 Int-5}
   (You found it on level 13 of the Dungeon)

   Str:       It affects your strength (+6).
   Int:       It affects your intelligence (-5).
   rCorr:     It protects you from acid and corrosion.
 U - a +2 pair of gloves of hurling (worn)
Jewellery
 f - a ring of protection from cold
 s - a ring of willpower
 B - a ring of positive energy (left hand)
 G - a +6 ring of strength (right hand)
 I - an amulet of reflection
 M - a ring of resist corrosion
 Q - an amulet of regeneration
 Y - a ring of protection from fire
Wands
 d - a wand of flame (17)
 y - a wand of charming (4)
 F - a wand of mindburst (9)
 K - a wand of iceblast (4)
 L - a wand of quicksilver (9)
Scrolls
 b - 5 scrolls of magic mapping
 c - a scroll of summoning
 j - 2 scrolls of blinking
 l - a scroll of enchant armour
 q - 3 scrolls of fear
 r - 7 scrolls of identify
 t - 4 scrolls of butterflies
 C - 4 scrolls of teleportation
 N - a scroll of brand weapon
 Z - a scroll of silence
Potions
 e - 2 potions of resistance
 g - 5 potions of might
 k - 2 potions of flight
 m - 3 potions of lignification
 n - a potion of invisibility
 o - 3 potions of haste
 u - 6 potions of mutation
 v - 2 potions of ambrosia
 D - 5 potions of magic {unknown}
 E - 6 potions of heal wounds
 H - a potion of berserk rage
 J - a potion of curing {unknown}
 V - a potion of cancellation


   Skills:
 + Level 16.9 Fighting
 + Level 21.7 Polearms
 - Level 2.0 Throwing
 + Level 10.9 Armour
 - Level 4.0 Dodging
 + Level 13.3 Shields
 - Level 9.0 Invocations


You had 16 spell levels left.
You knew the following spells:

 Your Spells              Type           Power      Damage    Failure   Level
a - Slow                  Hex            0%         N/A       92%         1

Your spell library contained the following spells:

 Spells                   Type           Power      Damage    Failure   Level
 Freeze                   Ice            0%         1d3       92%         1
 Sandblast                Erth           0%         2d4       92%         1
 Shock                    Conj/Air       0%         1d3       92%         1
 Sting                    Tmut/Pois      0%         1d3       92%         1
 Summon Small Mammal      Summ           0%         N/A       92%         1
 Blink                    Tloc           0%         N/A       98%         2
 Passwall                 Tmut/Erth      0%         N/A       98%         2
 Poisonous Vapours        Pois/Air       0%         N/A       98%         2
 Static Discharge         Conj/Air       0%         3-3/arc   98%         2
 Call Canine Familiar     Summ           0%         N/A       100%        3
 Confusing Touch          Hex            0%         N/A       100%        3
 Frozen Ramparts          Ice            0%         1d1       100%        3
 Gell's Gravitas          Tloc           0%         N/A       100%        3
 Lesser Beckoning         Tloc           0%         N/A       100%        3
 Stone Arrow              Conj/Erth      0%         3d7       100%        3
 Summon Guardian Golem    Hex/Summ       0%         N/A       100%        3
 Swiftness                Air            0%         N/A       100%        3
 Teleport Other           Tloc           0%         N/A       100%        3
 Vampiric Draining        Necr           0%         2d6       100%        3
 Airstrike                Air            0%         2d(0-16)  100%        4
 Animate Armour           Summ/Erth      0%         N/A       100%        4
 Dispel Undead            Necr           0%         3d6       100%        4
 Hailstorm                Conj/Ice       0%         3d3       100%        4
 Olgreb's Toxic Radiance  Pois           0%         N/A       100%        4
 Sticky Flame             Conj/Fire      0%         2d3       100%        4
 Blade Hands              Tmut           0%         N/A       100%        5
 Freezing Cloud           Conj/Ice/Air   0%         6-21      100%        5
 Lightning Bolt           Conj/Air       0%         1d11      100%        5
 Manifold Assault         Tloc           0%         N/A       100%        5
 Iron Shot                Conj/Erth      0%         9d1       100%        6
 Simulacrum               Ice/Necr       0%         N/A       100%        6
 Storm Form               Tmut/Air       0%         N/A       100%        7
 Maxwell's Capacitive Co  Air            0%         ∞         100%        8
 Polar Vortex             Ice            0%         N/A       100%        9


Dungeon Overview and Level Annotations

Branches:
Dungeon (14/15)            Temple (0/1) D:4            Lair (5/5) D:8
  Swamp (0/4) Lair:3       Spider (0/4) Lair:3        Slime (0/5) Lair:5
    Orc (2/2) D:11         Vaults (0/5) D:13         Bailey (visited)
  IceCv (visited)
    Elf: Orc:2

Altars:
Dithmenos
Fedhas
Hepliaklqana
Kikubaaqudgha
Okawaru
Qazlal
Ru
Uskayaw
Xom
Yredelemnul
The Shining One
Jiyva

Shops:
D:1 *   D:6 (

Portals:
Trove: D:13 (give +8 demon blade)

Annotations:
Orc:2 Sonja


Innate Abilities, Weirdness & Mutations

Your life essence is reduced to manifest your ancestor. (-10% HP)
((You are very nimble when in or above water. (Stealth+, EV+, Speed+++)))
Your lower body shifts to a powerful aquatic tail in water.
You occasionally lose the ability to read scrolls when taking damage.


Message History

* * * LOW HITPOINT WARNING * * *
The sun demon barely misses you.
You skewer the sun demon like a kebab!!!
You freeze the sun demon!!
You kill the sun demon!
You closely miss the balrug.
You perforate the balrug like a sieve!!!
You freeze the balrug!
The balrug is severely wounded.
The balrug gestures at you.
The fireball explodes!
The fireball engulfs you!! The fire burns you terribly!
* * * LOW HITPOINT WARNING * * *
The fireball engulfs the balrug.
The balrug completely resists.
You closely miss the balrug.
The balrug is severely wounded.
The balrug hits you but does no damage. You partially resist.
You closely miss the balrug.
The balrug is severely wounded.
You puncture the balrug! You freeze the balrug.
The balrug is almost dead.
The balrug hits you but does no damage. You partially resist.
You impale the balrug!! You freeze the balrug.
You kill the balrug!
You impale the sun demon!! You freeze the sun demon!
The sun demon is severely wounded.
You barely miss the sun demon.
The sun demon is severely wounded.
The sun demon misses you.
You puncture the sun demon! You freeze the sun demon!
The sun demon is almost dead.
You closely miss the sun demon.
The sun demon is almost dead.
You block the sun demon's attack.
You hit the sun demon. You freeze the sun demon.
You kill the sun demon!
You are too berserk!
The sun demon hits you.
* * * LOW HITPOINT WARNING * * *
You are engulfed in flames!
The fire burns you terribly!
You die...

# ### # ... #
# ... .. ##
.### #...#..
#########... #
.. ..
.....#.#..# #
..
...####.#...#
.
.....##....#3#
####
.###.#####@.#
..#. . .
#.#..# . # #
#....# #..##
#... . ...##
###3. ...# ###
#.# .#..#..###
# . ....#.#
#.## . #. ..
#. #. ## #


You could see a sun demon.

Vanquished Creatures
  Rupert (Lair:3)
  A tengu reaver (D:14)
  A frost giant (IceCv)
  A balrug (Abyss:2)
  A starcursed mass (Abyss:2)
  A white draconian (IceCv)
  4 ice dragons (IceCv)
  3 boulder beetles
  3 hydras
  2 vault guards (Bailey)
  A catoblepas (Lair:5)
  2 ironbound frosthearts (IceCv)
  A spriggan skeleton (Abyss:2)
  2 centaur warriors
  The ghost of nickcage the Impaler, a journeyman MfGl of Hepliaklqana (D:11)
  6 two-headed ogres
  A dancing weapon (D:13)
  3 tengu warriors (D:14)
  Urug (Orc:2)
  2 thrashing horrors (Abyss:2)
  3 sun demons (Abyss:2)
  Amaemon (Lair:1)
  A bog body (Lair:3)
  An orc knight (Orc:1)
  2 deep elf pyromancers
  4 ugly things
  2 manticores
  4 cyclopes
  A shining eye (shapeshifter) (D:14)
  5 black mambas
  23 elephants
  An ice statue (D:14)
  11 cane toads
  An orange demon (Abyss:2)
  A kobold demonologist (D:9)
  A yaktaur (shapeshifter) (D:14)
  7 rime drakes
  5 komodo dragons
  An ice devil (Lair:3)
  10 polar bears
  An ancient zyme (Abyss:2)
  A meliai (D:14)
  A wolf spider simulacrum (Lair:1)
  A troll (Orc:1)
  4 tyrant leeches
  Prince Ribbit (Bailey)
  A slime creature (D:14)
  36 blink frogs
  A dream sheep (Lair:1)
  2 wraiths
  4 wyverns
  2 vampires
  A human (Bailey)
  49 yaks
  3 basilisks
  A chaos spawn (Abyss:2)
  2 steam dragons
  5 vampire mosquitoes
  Menkaure (D:7)
  3 acid dragons
  A swamp worm (Lair:3)
  13 water moccasins
  A hydra simulacrum (Lair:1)
  13 orc warriors
  An ice beast (D:5)
  2 black bears
  An ice dragon simulacrum (Abyss:2)
  6 ogres
  3 small abominations (Abyss:2)
  2 wolves (Lair:3)
  A phantom (D:4)
  3 kobold brigands
  16 bullfrogs
  A gnoll sergeant (D:8)
  5 scorpions
  A howler monkey (D:7)
  A crimson imp (D:6)
  A quasit (Abyss:2)
  5 jellies
  11 orc priests
  A gnoll bouda (Lair:1)
  An iron imp (Abyss:2)
  9 orc wizards
  A troll simulacrum (Lair:3)
  A wolf simulacrum (Lair:3)
  16 gnolls
  A naga simulacrum (Lair:3)
  5 adders
  A white imp (D:5)
  A worm (D:4)
  5 dart slugs
  46 orcs
  8 endoplasms
  4 giant cockroaches
  13 goblins
  8 hobgoblins
  2 jackals (D:1)
  18 kobolds
  6 quokkas
  9 ball pythons
  6 bats
  4 frilled lizards
  A goblin skeleton (D:6)
  3 goblin zombies (D:6)
  A hobgoblin zombie (D:6)
  A kobold skeleton (D:6)
  An orc zombie (D:6)
  8 rats
  A spectral orc (D:8)
513 creatures vanquished.

Vanquished Creatures (collateral kills)
  Gastronok (D:10)
  2 frost giants (IceCv)
  3 ice dragons (IceCv)
  4 hydras
  3 ironbound frosthearts (IceCv)
  Erica (Lair:1)
  A dancing weapon (D:13)
  A tengu warrior (D:14)
  A thrashing horror (Abyss:2)
  A goliath frog (Lair:5)
  A flayed ghost (D:14)
  An orange crystal statue (IceCv)
  7 ugly things
  An oklob plant (Lair:5)
  A cyclops (D:14)
  A salamander (shapeshifter) (D:14)
  An orc sorcerer (Orc:1)
  5 elephants
  An orange demon (Lair:1)
  5 cane toads
  2 ice statues
  A gargoyle (D:12)
  A black mamba (Lair:2)
  A smoke demon (Abyss:2)
  A freezing wraith (Abyss:2)
  3 komodo dragons
  3 rime drakes
  An unseen horror (D:11)
  2 anaconda simulacra
  An ice devil (Lair:3)
  A tengu conjurer (D:14)
  A troll (D:9)
  2 meliai (D:14)
  5 polar bears
  A tyrant leech (Lair:5)
  16 blink frogs
  3 slime creatures (D:14)
  2 dream sheep (Lair:1)
  Sigmund (D:5)
  A ynoxinul (Abyss:2)
  A shadow (D:9)
  24 yaks
  A large abomination (Abyss:2)
  2 wraiths
  A basilisk (Lair:4)
  5 vampire mosquitoes (Lair:5)
  A death yak simulacrum (Lair:1)
  An acid dragon (D:13)
  3 water moccasins
  A small abomination (Abyss:2)
  2 black bears
  4 orc warriors
  2 ice beasts
  2 wolves (Lair:3)
  An ogre (D:13)
  5 bullfrogs
  A gnoll sergeant (D:8)
  A necrophage (D:7)
  A scorpion (D:5)
  An electric eel (Lair:5)
  A jelly (D:6)
  A water moccasin simulacrum (Lair:1)
  4 orc priests
  2 hounds
  An iron imp (Abyss:2)
  3 iguanas
  5 orc wizards
  A yak simulacrum (Lair:1)
  A troll simulacrum (Lair:3)
  An adder (D:5)
  2 gnolls (D:8)
  A shadow imp (D:5)
  A white imp (D:6)
  40 orcs
  3 goblins
  6 kobolds
224 creatures vanquished.

Vanquished Creatures (others)
  15 knights
  A ball python (D:1)
  A fire vortex (Lair:2)
  39 fungi
  118 plants
174 creatures vanquished.

Grand Total: 911 creatures vanquished

Notes
Turn   | Place    | Note
-------+----------+-------------------------------------------
     0 | D:1      | nickcage the Merfolk Gladiator began the quest for the Orb.
     0 | D:1      | Reached XP level 1. HP: 16/16 MP: 1/1
   292 | D:1      | Reached XP level 2. HP: 22/22 MP: 2/2
   325 | D:1      | Found Geil's Assorted Antiques.
   484 | D:1      | Reached skill level 5 in Polearms
   643 | D:1      | Found a faded altar of an unknown god.
  1082 | D:2      | Reached XP level 3. HP: 27/27 MP: 3/3
  1263 | D:2      | Reached skill level 6 in Polearms
  1408 | D:2      | Reached XP level 4. HP: 33/33 MP: 4/4
  1919 | D:3      | Noticed a water moccasin
  1930 | D:3      | Killed a water moccasin
  1931 | D:3      | Reached skill level 8 in Polearms
  1931 | D:3      | Reached XP level 5. HP: 23/38 MP: 5/5
  2441 | D:2      | Reached XP level 6. HP: 35/44 MP: 6/6
  2545 | D:3      | Found a hazy altar of Hepliaklqana.
  2546 | D:3      | Found a faded altar of an unknown god.
  2563 | D:3      | Became a worshipper of Hepliaklqana the Forgotten
  2994 | D:4      | Found a staircase to the Ecumenical Temple.
  3021 | D:4      | Found an ancient bone altar of Kikubaaqudgha.
  3105 | D:4      | Reached * piety under Hepliaklqana
  3137 | D:4      | Reached skill level 9 in Polearms
  3361 | D:4      | Reached skill level 10 in Polearms
  3361 | D:4      | Reached XP level 7. HP: 44/45 MP: 7/7
  4248 | D:5      | Entered Level 5 of the Dungeon
  4338 | D:5      | Reached skill level 11 in Polearms
  4338 | D:5      | Reached skill level 1 in Shields
  4343 | D:5      | Noticed Sigmund
  4364 | D:5      | Killed Sigmund
  4495 | D:5      | Reached XP level 8. HP: 47/50 MP: 8/8
  4642 | D:5      | Found a hide-covered altar of Uskayaw.
  4660 | D:5      | Reached skill level 12 in Polearms
  4821 | D:5      | Found an iron altar of Okawaru.
  4868 | D:5      | Found a sacrificial altar of Ru.
  4948 | D:5      | Reached ** piety under Hepliaklqana
  4950 | D:5      | Remembered your ancestor Tank as a knight
  5035 | D:5      | Found a shadowy altar of Dithmenos.
  5036 | D:5      | Found a blossoming altar of Fedhas.
  5445 | D:6      | Found a glowing golden altar of the Shining One.
  5468 | D:6      | Reached skill level 13 in Polearms
  5774 | D:6      | Identified the +7 long sword "Ucret" {vorpal, Str-3 Int-5
                  | Dex+9 SInv}
  5821 | D:6      | Found Jupn's Weapon Emporium.
  6021 | D:6      | Found a shimmering altar of Xom.
  6588 | D:7      | Reached *** piety under Hepliaklqana
  6598 | D:7      | Reached XP level 9. HP: 55/55 MP: 9/9
  6600 | D:7      | Reached skill level 14 in Polearms
  6630 | D:7      | Noticed Menkaure
  6649 | D:7      | Killed Menkaure
  7422 | D:8      | Reached skill level 15 in Polearms
  7704 | D:8      | Noticed a two-headed ogre
  7712 | D:8      | Killed a two-headed ogre
  7713 | D:8      | Reached skill level 5 in Shields
  7713 | D:8      | Reached XP level 10. HP: 65/65 MP: 10/10
  7713 | D:8      | Found a stormy altar of Qazlal.
  7932 | D:8      | Reached skill level 16 in Polearms
  7968 | D:8      | Found a basalt altar of Yredelemnul.
  8231 | D:8      | Reached skill level 5 in Fighting
  8320 | D:8      | Found a staircase to the Lair.
  8478 | D:8      | Reached **** piety under Hepliaklqana
  8900 | D:8      | Learned a level 1 spell: Slow
  8956 | D:9      | Found a flagged portal.
  8969 | Bailey   | Entered a bailey
  9008 | Bailey   | Reached skill level 17 in Polearms
  9100 | Bailey   | Noticed a vault guard
  9118 | Bailey   | Killed a vault guard
  9119 | Bailey   | Reached XP level 11. HP: 72/74 MP: 8/11
  9160 | Bailey   | Noticed Prince Ribbit
  9160 | Bailey   | Noticed a vault guard
  9163 | Bailey   | Killed Prince Ribbit
  9175 | Bailey   | Killed a vault guard
  9176 | Bailey   | Reached skill level 1 in Invocations
 10339 | D:10     | Entered Level 10 of the Dungeon
 10561 | D:10     | Noticed a two-headed ogre
 10562 | D:10     | Noticed Gastronok
 10583 | D:10     | Killed a two-headed ogre
 10771 | Lair:1   | Entered Level 1 of the Lair of Beasts
 10878 | Lair:1   | Found a transporter.
 10879 | Lair:1   | Reached ***** piety under Hepliaklqana
 10894 | Lair:1   | Noticed Amaemon
 10909 | Lair:1   | Killed Amaemon
 10984 | Lair:1   | Reached skill level 18 in Polearms
 11076 | Lair:1   | Reached XP level 12. HP: 80/84 MP: 15/15
 11124 | Lair:1   | Reached skill level 5 in Invocations
 11251 | Lair:1   | Reached skill level 10 in Shields
 11295 | Lair:1   | Noticed Erica
 11302 | Lair:1   | Killed Erica
 11375 | Lair:1   | Found a transporter.
 11613 | Lair:1   | Reached skill level 1 in Armour
 11624 | Lair:1   | Reached skill level 10 in Fighting
 11917 | Lair:2   | Reached skill level 19 in Polearms
 12207 | Lair:2   | Noticed a seven-headed hydra
 12216 | Lair:2   | Killed a seven-headed hydra
 12337 | Lair:2   | Reached XP level 13. HP: 35/95 MP: 16/16
 13365 | Lair:3   | Reached skill level 20 in Polearms
 13792 | Lair:3   | Found a staircase to the Swamp.
 13792 | Lair:3   | Noticed Rupert
 13917 | Lair:3   | Reached XP level 14. HP: 39/106 MP: 17/17
 14288 | Lair:3   | Reached XP level 15. HP: 112/112 MP: 17/19
 14423 | Lair:3   | Killed Rupert
 14605 | Lair:3   | Found a hole to the Spider Nest.
 15494 | Lair:4   | Reached XP level 16. HP: 120/120 MP: 20/20
 15557 | Lair:4   | Identified the +4 trident of Xyinaffo {freeze, +Blink}
 15758 | Lair:4   | Identified the +5 trident of Spite {chaos, rC+ Dex+2}
 15760 | Lair:4   | Reached skill level 15 in Fighting
 15760 | Lair:4   | Reached XP level 17. HP: 127/127 MP: 20/22
 16077 | Lair:5   | Entered Level 5 of the Lair of Beasts
 16477 | Lair:5   | Found a staircase to the Slime Pits.
 16482 | Lair:5   | Found a viscous altar of Jiyva.
 16982 | Lair:5   | Reached skill level 10 in Armour
 18254 | D:10     | Killed Gastronok
 18301 | D:10     | Reached ****** piety under Hepliaklqana
 18703 | D:11     | Found a runed translucent door.
 18703 | D:11     | Noticed nickcage's ghost (journeyman MfGl)
 19006 | D:11     | Found a staircase to the Orcish Mines.
 19568 | D:11     | Killed nickcage's ghost
 20202 | D:13     | Found a gate to the Vaults.
 20289 | D:13     | Identified the +9 mace "Toppuongut" {drain, rC+ Str+4
                  | Dex+9}
 20375 | D:13     | Identified the +1 helmet "Sabehiy" {rCorr Str+6 Int-5}
 21039 | D:13     | Found a portal to a secret trove of treasure.
 21441 | D:14     | Found a frozen archway.
 21546 | IceCv    | Entered an ice cave
 21964 | IceCv    | Reached XP level 18. HP: 72/135 MP: 24/24
 23015 | IceCv    | Reached skill level 21 in Polearms
 24125 | D:14     | Found a blossoming altar of Fedhas.
 24291 | D:14     | Gained mutation: You occasionally lose the ability to read
                  | scrolls when taking damage. [a shining eye]
 25033 | Orc:1    | Entered Level 1 of the Orcish Mines
 25448 | Orc:2    | Entered Level 2 of the Orcish Mines
 25453 | Orc:2    | Noticed Urug
 25463 | Orc:2    | Killed Urug
 25619 | Orc:2    | Noticed Sonja
 25624 | Abyss:2  | Cast into level 2 of the Abyss (Sonja)
 25903 | Abyss:2  | HP: 10/205 [balrug/fireball (30)]
 25913 | Abyss:2  | HP: 9/205 [sun demon[a balrug] (3)]
 25913 | Abyss:2  | Mangled by a sun demon

Illustrated notes

Levels and vault maps discovered:
D:1:      saegor_arrival_fortress, layout_loops_ring,
          shapermc_ecumenical_altar_notcrosses, serial_shops,
          nicolae_square_shop, nrook_campfire, minmay_distorted
D:2:      layout_basic, minmay_joined_circles
D:3:      layout_rooms, beargit_hepliaklqana_dungeon_heroes
D:4:      layout_loops_corners, mainiacjoe_overflow_paths, temple_green,
          minmay_close_crescents
D:5:      black_bear_nest_2, layout_loops_cross, nicolae_overflow_two_pavilions,
          lemuel_tele_altar, mainiacjoe_overflow_brackets,
          nicolae_ru_path_of_blood, uniq_sigmund
D:6:      layout_layer_cave, xom_teletrap_fun, nicolae_tso_besieged_by_evil,
          serial_shops, shop
D:7:      layout_gridville, uniq_menkaure
D:8:      layout_basic, yredelemnul_forgotten_temple_becter,
          nicolae_qazlal_style_of_elements, erik_lair_dragon
D:9:      layout_long_grid, enter_bailey_5
D:10:     layout_roguey [special_room_orc], uniq_gastronok
D:11:     layout_basic, erik_orc_3, hellmonk_ghost_happy_afterlife
D:12:     layout_basic
D:13:     layout_roguey [special_room_orc], erik_vaults_1, enter_trove_3
D:14:     minmay_textured_paths, layout_cave_pools,
          portal_ice_cave_entry_ice_statue_two, basic_altar, minivault_12
Lair:1:   gammafunk_cloud_chamber, layout_long_grid,
          chequers_serial_rivers_micro_a, dreamdust_gnoll_shepherd, uniq_erica,
          uniq_amaemon
Lair:2:   layout_gridlike, grunt_megastairs_3, serial_bayou_shore_b,
          infiniplex_staircase_pool
Lair:3:   dreamdust_isle_of_ice, layout_chaotic_city, minmay_swamp_entry_worms,
          spider_nest_entry_a, serial_bayou_crossing, grunt_megastairs_2,
          uniq_rupert
Lair:4:   layout_gridlike
Lair:5:   minmay_lair_end_frog_pond, layout_small_grid,
          minmay_slime_entry_oklob_open
Orc:1:    layout_caves
Orc:2:    st_orc_pillars, layout_diamond_mine, nicolae_orc_lost_temple,
          uniq_sonja, uniq_urug, uniq_donald
Abyss:2:  base: D:15, minivault_26

Skill      XL: |  1  2  3  4  5  6  7  8  9 10 11 12 13 14 15 16 17 18 |
---------------+-------------------------------------------------------+-----
Polearms       | 5 6 8 10 11 13 15 17 18 19 20 21 | 21.7
Shields        | 1 3 5 7 9 10 12 13 | 13.3
Fighting       | 4 6 8 11 13 14 15 16 | 16.9
Invocations    | 4 5 6 7 9 |  9.0
Armour         | 2 6 7 8 9 10 | 10.9
Throwing       | |  2.0
Dodging        | |  4.0

Action                   |  1- 3 |  4- 6 |  7- 9 | 10-12 | 13-15 | 16-18 || total
-------------------------+-------+-------+-------+-------+-------+-------++-------
Melee: Trident           |    97 |   173 |   295 |   447 |   339 |   656 ||  2007
       Tailslap          |       |       |       |       |     7 |     7 ||    14
       Demon trident     |       |       |       |       |       |   170 ||   170
Throw: Dart              |       |     2 |     6 |     9 |     8 |    22 ||    47
Invok: Ancestor Identity |       |     1 |       |       |       |       ||     1
       Ancestor Life: Kn |       |       |     1 |       |       |       ||     1
       Transference      |       |       |       |     1 |       |     3 ||     4
       Recall Ancestor   |       |       |       |     1 |     2 |     3 ||     6
       Idealise          |       |       |       |     1 |       |     7 ||     8
Evoke: Wand              |       |       |       |       |       |     2 ||     2
  Use: Potion            |       |     2 |       |       |     3 |     5 ||    10
       Scroll            |       |       |    10 |    16 |     5 |    10 ||    41
 Stab: Distracted        |       |     1 |     3 |     8 |     2 |     9 ||    23
Armor: Leather armour    |     3 |       |       |       |       |       ||     3
       Ring mail         |     8 |       |       |       |       |       ||     8
       Scale mail        |    10 |    18 |       |       |       |       ||    28
       Chain mail        |       |    60 |    61 |     2 |       |       ||   123
       Plate armour      |       |       |       |    42 |    64 |    81 ||   187
       Ice dragon scales |       |       |       |       |       |    20 ||    20
Dodge: Dodged            |    39 |    61 |    25 |    42 |    35 |    57 ||   259
Block: Kite shield       |       |    13 |    79 |   211 |   198 |   365 ||   866
       Reflection        |       |       |     4 |     5 |     2 |    24 ||    35
